Map: Frozen Temple

Players

Gracz

  • Race: Protoss Protoss
  • League: Silver

UrektenCorps - Winner!

  • Race: Terran Terran
  • League: Silver

VOD

Have the link to the VOD?

Description

Time

  • Played on: Sept. 24, 2016, 8:11 a.m.
  • Length: 26:10
Show
View Real Time Build Order
Export as new Build Order

Gracz Protoss 

Build Orders: 1 Gate Expand 

Get SALT Encoding   

  12  0:02  Probe (Chrono Boost)  
  13  0:14  Pylon  
  13  0:18  Probe (Chrono Boost)  
  14  0:35  Probe (Chrono Boost)  
  15  0:38  Pylon  
  15  0:46  Probe (Chrono Boost)  
  16  0:52  Gateway  
  16  0:53  Assimilator  
  16  1:27  Nexus, Probe (Chrono Boost)  
  17  1:37  Probe (Chrono Boost)  
  18  1:48  Cybernetics Core  
  18  2:00  Gateway  
  18  2:11  Warp Gate  
  18  2:15  Gateway  
  18  2:20  Pylon  
  20  2:31  Mothership Core (Chrono Boost)  
  20  2:38  Assimilator  
  20  2:40  Probe (Chrono Boost)  
  21  2:50  Probe (Chrono Boost)  
  21  2:51  Pylon, Probe (Chrono Boost)  
  23  3:03  Probe (Chrono Boost)  
  23  3:05  Assimilator  
  24  3:07  Assimilator  
  24  3:10  Pylon  
  24  3:17  Pylon  
  24  3:18  Probe (Chrono Boost)  
  25  3:27  Probe (Chrono Boost)  
  25  3:30  Probe (Chrono Boost)  
  27  3:38  Probe (Chrono Boost)  
  29  3:43  Probe (Chrono Boost)  
  29  3:48  Probe (Chrono Boost)  
  29  3:50  Stalker  
  29  3:55  Probe (Chrono Boost)  
  33  3:59  Probe (Chrono Boost)  
  34  4:07  Probe (Chrono Boost)  
  36  4:10  Probe (Chrono Boost)  
  36  4:18  Stargate  
  36  4:19  Probe (Chrono Boost)  
  36  4:20  Stargate  
  37  4:32  Gateway  
  37  4:36  Gateway  
  37  4:46  Twilight Council  
  37  4:51  Pylon  
  37  5:03  Forge  
  37  5:04  Forge  
  38  5:08  Probe (Chrono Boost)  
  38  5:17  Stalker x2  
  42  5:24  Stalker  
  44  5:50  Stalker x3  
  44  5:51  Stalker  
  44  5:54  Probe (Chrono Boost)  
  44  5:56  Protoss Ground Armor Level 1, Probe (Chrono Boost)  
  54  5:59  Protoss Ground Weapons Level 1  
  54  6:08  Probe (Chrono Boost)  
  55  6:15  Stalker  
  55  6:16  Stalker  
  59  6:25  Stalker x2  
  63  6:51  Nexus, Void Ray  
  69  7:08  Probe (Chrono Boost)  
  69  7:10  Probe (Chrono Boost)  
  69  7:13  Stalker x3  
  69  7:14  Stalker  
  77  7:22  Probe (Chrono Boost)  
  78  7:24  Blink  
  78  7:35  Protoss Shields Level 1  
  78  7:36  Stalker x2  
  82  7:42  Stalker  
  84  7:55  Stalker  
  86  8:00  Pylon  
  86  8:02  Pylon  
  86  8:05  Pylon  
  86  8:08  Pylon  
  86  8:10  Probe (Chrono Boost)  
  86  8:11  Probe x2 (Chrono Boost)  
  89  8:19  Stalker x2  
  93  8:23  Probe (Chrono Boost)  
  93  8:24  Probe (Chrono Boost)  
  95  8:27  Void Ray  
  99  8:47  Void Ray  
  103  8:52  Stalker  
  103  8:54  Stalker  
  107  9:07  Stalker  
  107  9:08  Stalker x2, Void Ray  
  113  9:11  Probe (Chrono Boost)  
  113  9:12  Probe x2 (Chrono Boost)  
  120  9:22  Protoss Air Weapons Level 1  
  120  9:32  Void Ray  
  124  9:43  Cybernetics Core  
  124  9:51  Void Ray  
  128  9:55  Stalker x2  
  132  10:02  Pylon  
  132  10:03  Assimilator  
  132  10:06  Probe (Chrono Boost)  
  132  10:07  Assimilator  
  133  10:09  Pylon  
  133  10:12  Pylon  
  133  10:15  Pylon  
  133  10:19  Pylon  
  133  10:20  Probe (Chrono Boost)  
  135  10:22  Pylon, Probe (Chrono Boost)  
  135  10:26  Pylon  
  135  10:27  Stalker  
  135  10:28  Stalker x2  
  141  10:40  Protoss Ground Weapons Level 2  
  141  10:42  Probe x2 (Chrono Boost)  
  143  10:43  Void Ray  
  143  10:44  Void Ray  
  151  10:58  Robotics Facility  
  151  11:00  Robotics Facility  
  151  11:04  Protoss Ground Armor Level 2  
  151  11:09  Stalker  
  153  11:12  Stalker  
  153  11:15  Stalker  
  157  11:19  Protoss Air Armor Level 1  
  157  11:42  Fleet Beacon  
  157  11:49  Observer, Immortal  
  162  12:00  Robotics Bay  
  162  12:03  Robotics Facility x2  
  162  12:10  Warp Prism  
  164  12:37  Protoss Air Weapons Level 2  
  164  12:41  Stalker x2  
  164  12:42  Stalker x2  
  164  12:43  Stalker  
  174  13:00  Colossus  
  174  13:01  Colossus  
  186  13:12  Pylon  
  186  13:15  Pylon  
  186  13:18  Pylon  
  186  13:30  Colossus  
  191  13:42  Stalker  
  191  13:43  Stalker x3  
  125  15:39  Stalker x4  
  125  15:40  Stalker  
  131  15:43  Disruptor  
  131  15:44  Colossus x3  
  131  15:46  Void Ray x2  
  120  16:19  Stalker x2, Colossus  
  120  16:20  Stalker x3  
  134  16:29  Void Ray x2  
  136  16:37  Colossus  
  130  16:49  Stalker x2  
  130  16:50  Stalker  
  138  16:55  Mothership Core (Chrono Boost)  
  138  17:12  Tempest x2  
  146  17:18  Nexus  
  146  17:21  Pylon  
  146  17:24  Pylon  
  146  17:27  Assimilator  
  146  17:30  Assimilator  
  146  17:44  Stalker  
  146  17:45  Extended Thermal Lance, Stalker x4  
  156  17:55  Tempest  
  160  18:08  Stalker  
  160  18:09  Stalker  
  164  18:33  Stalker x3  
  167  19:13  Stalker  
  167  19:14  Stalker  
  71  21:02  Nexus  
  71  21:05  Assimilator  
  71  21:07  Assimilator  
  71  21:10  Stalker x3  
  71  21:11  Pylon, Stalker  
  77  21:12  Stalker  
  77  21:14  Pylon  
  81  21:18  Pylon  
  81  21:21  Pylon  
  81  21:23  Pylon  
  77  21:26  Pylon  
  77  21:29  Pylon  
  69  21:34  Stalker x3  
  69  21:35  Stalker x2  
  45  22:10  Stalker  
  45  22:11  Stalker x2  
  35  22:36  Stalker x2  
  35  22:37  Stalker  
  11  23:19  Probe (Chrono Boost)  
  10  23:29  Probe (Chrono Boost)  
  11  23:40  Gateway, Probe (Chrono Boost)  
  12  23:41  Gateway x2  
  12  23:42  Gateway  
  12  23:46  Gateway x2  
  12  23:49  Stalker x3, Gateway  
  12  23:51  Probe (Chrono Boost), Gateway  
  12  23:54  Gateway x2  
  12  23:55  Gateway  
  19  24:01  Probe (Chrono Boost)  
  20  24:12  Probe (Chrono Boost)  
  17  24:22  Probe (Chrono Boost)  
  18  24:25  Pylon  
  18  24:27  Pylon  
  18  24:29  Pylon  
  18  24:30  Pylon  
  18  24:32  Pylon  
  18  24:33  Pylon, Probe (Chrono Boost)  
  18  24:34  Pylon  
  19  24:57  Cybernetics Core  
  18  25:32  Probe (Chrono Boost)  
  19  25:39  Stalker x3  
  26  25:43  Probe (Chrono Boost)  
  26  25:53  Probe (Chrono Boost), Zealot  
Show
View Real Time Build Order
Export as new Build Order

UrektenCorps Terran - Winner!

Build Orders:  

Get SALT Encoding   

  12  0:01  SCV  
  13  0:13  SCV  
  14  0:19  Supply Depot  
  14  0:31  SCV  
  15  0:42  Supply Depot  
  15  0:43  Refinery, SCV  
  16  0:50  Refinery  
  16  0:56  SCV  
  17  1:08  SCV  
  17  1:09  Supply Depot  
  18  1:20  SCV  
  19  1:31  Barracks  
  19  1:32  SCV  
  20  1:44  SCV  
  21  1:56  SCV  
  22  2:08  SCV  
  22  2:12  Engineering Bay  
  23  2:20  SCV  
  24  2:23  Barracks Reactor  
  24  2:27  Supply Depot  
  24  2:33  Orbital Command  
  24  2:45  Building Armor  
  24  2:54  Bunker  
  24  3:00  Marine  
  24  3:01  Marine  
  26  3:13  Factory  
  26  3:18  Marine x2  
  28  3:26  Factory  
  28  3:36  Marine x2  
  30  3:54  Marine x2  
  32  3:59  Command Center  
  32  4:12  Marine x2  
  34  4:20  Supply Depot  
  34  4:24  Neosteel Frame  
  34  4:43  Supply Depot, Factory Tech Lab  
  34  4:44  Factory Tech Lab  
  34  4:48  Factory  
  34  5:06  Supply Depot  
  34  5:10  Armory  
  34  5:17  Orbital Command  
  34  5:33  Bunker  
  34  5:49  Missile Turret  
  34  5:59  SCV  
  34  6:01  Armory  
  35  6:07  Refinery  
  35  6:11  Refinery, SCV  
  35  6:16  Missile Turret  
  36  6:23  SCV  
  37  6:35  SCV  
  37  6:38  Thor x2  
  50  6:40  Factory Tech Lab  
  50  6:47  SCV  
  51  6:56  Marine x2  
  51  7:01  Thor  
  59  7:15  Terran Vehicle Weapons Level 1  
  59  7:17  Terran Vehicle And Ship Armor Level 1  
  59  7:20  Thor  
  59  7:21  Thor  
  71  8:10  Command Center  
  71  8:12  Starport  
  71  8:15  Siege Tank  
  71  8:16  Siege Tank  
  71  8:17  Siege Tank  
  80  8:47  Siege Tank  
  80  8:48  Siege Tank  
  86  9:19  Starport Reactor  
  86  9:21  Marine x2  
  88  9:27  Supply Depot  
  88  9:28  Supply Depot  
  88  9:39  Marine x2  
  88  9:42  SCV  
  91  9:51  Supply Depot  
  91  9:52  Supply Depot  
  91  9:54  SCV  
  91  9:57  Marine x2  
  91  9:58  Orbital Command  
  94  10:03  Refinery  
  94  10:05  Refinery  
  94  10:07  SCV  
  95  10:15  Marine x2, Supply Depot  
  95  10:16  Supply Depot  
  95  10:19  SCV  
  98  10:26  Bunker  
  98  10:30  Bunker  
  98  10:31  SCV  
  99  10:37  Missile Turret  
  99  10:39  Supply Depot  
  99  10:43  SCV  
  99  10:49  Hi-Sec Auto Tracking  
  100  10:50  Terran Vehicle Weapons Level 2  
  100  10:51  Terran Vehicle And Ship Armor Level 2  
  100  10:53  Marine x2  
  100  10:55  SCV, Thor x2  
  115  11:03  Supply Depot  
  115  11:11  Marine x2  
  117  11:29  Marine x2  
  119  11:46  Marine  
  119  11:47  Marine  
  120  11:49  Liberator  
  120  11:50  Liberator  
  127  12:13  Starport  
  127  12:22  Fusion Core  
  127  12:28  Armory  
  127  12:32  Liberator x2  
  127  12:39  Thor x3  
  145  12:50  Marine  
  145  12:51  Marine, Starport  
  153  13:06  SCV  
  153  13:08  Marine  
  153  13:09  Marine  
  156  13:18  SCV  
  157  13:25  Command Center  
  157  13:26  Marine, Thor  
  157  13:27  Marine  
  165  14:16  Supply Depot  
  165  14:26  Supply Depot  
  165  14:27  Supply Depot  
  165  14:36  Marine x2, SCV, Thor x2  
  165  14:37  Orbital Command  
  180  14:41  Refinery  
  180  14:42  Supply Depot, Refinery  
  180  14:48  Bunker  
  180  14:49  SCV  
  180  14:50  Bunker  
  180  14:51  Supply Depot  
  180  14:52  Supply Depot  
  181  14:56  Thor  
  187  15:01  Starport Tech Lab, SCV  
  174  15:19  Thor x2  
  163  15:38  Thor  
  160  16:02  Thor x2  
  127  16:21  Thor  
  115  17:00  Terran Vehicle And Ship Armor Level 3, Terran Vehicle Weapons Level 3  
  115  17:02  Terran Ship Weapons Level 1  
  115  17:03  Weapon Refit  
  115  17:29  Marine x2  
  117  17:31  Thor x2  
  129  17:46  Orbital Command  
  129  17:47  Marine x2  
  131  18:04  Marine  
  131  18:05  Marine  
  133  18:08  Battlecruiser  
  139  18:18  Thor  
  145  18:22  Marine  
  145  18:23  Marine  
  147  18:40  Marine  
  147  18:41  Marine  
  149  18:58  Bunker  
  149  19:22  Battlecruiser  
  155  19:29  Terran Ship Weapons Level 2  
  155  19:32  Thor  
  155  19:36  Marine  
  155  19:37  Marine  
  163  19:54  Marine x2  
  165  20:02  Sensor Tower  
  165  20:12  Marine x2  
  160  20:26  Battlecruiser  
  147  20:30  Marine x2  
  132  21:30  Battlecruiser  
  127  21:48  Thor  
  127  21:49  Thor x2  
  145  21:54  Marine x2  
  147  22:12  Marine x2  
  149  22:30  Marine x2  
  149  22:31  Thor  
  149  22:32  Thor x2  
  169  22:45  Battlecruiser  
  169  22:47  Marine x2  
  171  23:14  Thor  
  171  23:15  Thor x2  
  189  23:47  Marine x2  
  191  23:49  Battlecruiser  
  197  24:05  Marine x2  
  198  24:22  Marine  
  198  24:23  Marine  
Tags
 
Add a new tag
Caveats
  • Supply blocks, unpowered buildings, or Contaminate may cause inaccurate times.
  • Supply counts are checked every 10 seconds.